AoeStats
← BombaKladSon

Oasis

509306833Analyzed
4v4 RM · 5d ago on Sep 26, 2026· 48m 6s· 8 players
Game mode
Random Map
Map size
Large (8 player)
Population
200
Speed
Normal
Resources
Standard
Victory
Conquest
Starting age
Dark Age
Ending age
Imperial Age
RankedLock teamsTeams togetherTeam positionsShared explorationLock speedFull tech treeHidden civsTurbo modeCheats
Victory
Defeat
🇺🇸 Hindustanis · United States
1087
+13
🇨🇳 Danes · China
1059
+14
🇨🇳 Italians · China
1056
+14
🇹🇼 Magyars · Taiwan
1029
+14
🇧🇪 Maya · Belgium
1048
-16
🇳🇱 Saracens · Netherlands
997
-13
🇪🇸 Spanish · Spain
997
-13
🇩🇰 Khmer · Denmark
987
-13
Hymoteptep
0:28 Loom
9:45 Feudal Age
10:40 Double-Bit Axe
16:57 Fletching
17:45 Gold Mining
19:30 Horse Collar
26:49 Castle Age
26:27 Padded Archer Armor
27:18 Crossbowman
28:12 Bodkin Arrow
28:33 Leather Archer Armor
28:59 Town Watch
30:33 Bow Saw
31:24 Thumb Ring
32:23 Wheelbarrow
35:56 Forging
36:50 Caravan
41:24 Imperial Age
41:38 Hand Cart
42:02 Town Patrol
41:29 Arbalester
42:45 Conscription
43:38 Hul'che Javelineers
43:08 Elite Skirmisher
44:11 Stone Mining
AngelusMagno
0:33 Loom
12:52 Feudal Age
17:22 Castle Age
15:36 Horse Collar
15:43 Double-Bit Axe
17:13 Wheelbarrow
16:36 Gold Mining
18:49 Wheelbarrow
19:47 Hand Cart
20:00 Town Watch
21:29 Bow Saw
21:21 Heavy Plow
21:15 Stone Mining
23:58 Gold Shaft Mining
28:37 Imperial Age
26:45 Stone Shaft Mining
28:12 Ballistics
29:52 Crop Rotation
32:11 Chemistry
33:42 Conscription
34:08 Fortified Wall
34:38 Scale Barding Armor
34:45 Bloodlines
34:36 Husbandry
34:32 Fletching
35:02 Masonry
36:15 Chain Barding Armor
36:34 Siege Engineers
37:30 Elite Ballista Elephant
38:48 Double Crossbow
39:53 Plate Barding Armor
39:10 Light Cavalry
40:02 Forging
40:07 Bodkin Arrow
40:33 Hussar
42:18 Iron Casting
42:24 Caravan
42:54 Bracer
44:58 Blast Furnace
45:23 Architecture
EoLo
9:49 Feudal Age
10:51 Double-Bit Axe
16:17 Castle Age
14:06 Horse Collar
15:51 Loom
18:30 Bow Saw
19:06 Stone Mining
19:11 Gold Mining
19:30 Heavy Plow
20:29 Wheelbarrow
21:07 Wheelbarrow
22:58 Stone Shaft Mining
23:05 Gold Mining
24:12 Scale Barding Armor
26:54 Husbandry
30:43 Bloodlines
30:37 Padded Archer Armor
35:00 Imperial Age
33:41 Leather Archer Armor
38:10 Chemistry
37:22 Masonry
39:48 Ring Archer Armor
39:59 Conscription
40:16 Hoardings
40:08 Hand Cart
39:39 Town Watch
40:16 Chain Barding Armor
39:49 Fletching
40:47 Forging
41:19 Caravan
42:19 Bodkin Arrow
43:08 Inquisition
42:31 Elite Conquistador
43:58 Scale Mail Armor
44:30 Architecture
44:22 Ballistics
44:51 Squires
44:11 Pikeman
45:09 Chain Mail Armor
45:30 Halberdier
BombaKladSon
12:59 Feudal Age
16:51 Castle Age
15:10 Double-Bit Axe
15:39 Horse Collar
21:39 Wheelbarrow
23:56 Bow Saw
25:34 Loom
26:05 Hand Cart
26:30 Heavy Plow
26:23 Gold Mining
26:27 Stone Mining
28:07 Gold Shaft Mining
32:10 Imperial Age
31:19 Forging
31:00 Fletching
31:11 Padded Archer Armor
31:17 Scale Barding Armor
34:24 Chemistry
33:22 Bodkin Arrow
33:27 Scale Mail Armor
34:03 Iron Casting
33:34 Scale Barding Armor
32:54 Onager
34:57 Two-Man Saw
34:28 Caravan
36:56 Husbandry
37:06 Bloodlines
38:23 Blast Furnace
37:44 Chain Barding Armor
37:15 Siege Onager
45:13 Ballistics
44:56 Padded Archer Armor
45:12 Chain Mail Armor
45:00 Heavy Camel Rider
hold up
0:30 Loom
15:15 Feudal Age
20:45 Castle Age
20:13 Horse Collar
20:24 Double-Bit Axe
20:33 Stone Mining
20:37 Gold Mining
21:53 Heavy Plow
24:08 Wheelbarrow
28:20 Bow Saw
34:08 Imperial Age
31:54 Fervor
33:25 Hand Cart
32:56 Town Watch
33:26 Fletching
33:38 Padded Archer Armor
34:02 Ballistics
33:38 Murder Holes
33:57 Masonry
34:27 Gold Shaft Mining
34:39 Stone Shaft Mining
34:18 Onager
35:28 Conscription
37:06 Caravan
37:58 Siege Engineers
38:44 Siege Onager
39:41 Bodkin Arrow
43:54 Arson
44:10 Squires
43:55 Gambesons
44:16 Bracer
45:22 Chemistry
浅草带疏烟
13:32 Feudal Age
17:46 Castle Age
15:56 Double-Bit Axe
15:54 Horse Collar
17:39 Stone Mining
17:39 Gold Mining
20:53 Loom
22:26 Bow Saw
26:04 Imperial Age
24:40 Wheelbarrow
24:40 Heavy Plow
26:36 Stone Shaft Mining
27:11 Conscription
28:14 Two-Man Saw
27:50 Ballistics
29:55 Chemistry
30:02 Padded Archer Armor
29:52 Fletching
32:45 Hand Cart
32:31 Treadmill Crane
33:27 Crop Rotation
34:01 Bodkin Arrow
36:22 Leather Archer Armor
36:08 Bracer
38:21 Elite Genoese Crossbowman
39:56 Thumb Ring
40:23 Ring Archer Armor
42:14 Caravan
48:07 Masonry
48:20 Bombard Tower
47:43 Capped Ram
MonsterSmeat
10:51 Feudal Age
10:43 Loom
11:59 Horse Collar
12:28 Double-Bit Axe
16:59 Castle Age
16:33 Gold Mining
16:38 Stone Mining
17:52 Wheelbarrow
19:08 Husbandry
21:58 Heavy Plow
23:46 Bow Saw
25:42 Bloodlines
30:00 Imperial Age
29:51 Hand Cart
30:17 Heavy Camel Rider
31:50 Gold Shaft Mining
33:03 Chemistry
32:10 Imperial Camel Rider
33:30 Conscription
33:35 Caravan
33:48 Thumb Ring
34:41 Grand Trunk Road
35:08 Forging
35:04 Scale Barding Armor
36:49 Siege Engineers
36:56 Light Cavalry
37:52 Shatagni
38:20 Ballistics
38:54 Hussar
40:15 Iron Casting
40:01 Chain Barding Armor
41:54 Fletching
42:04 Padded Archer Armor
42:40 Plate Barding Armor
43:05 Blast Furnace
48:44 Leather Archer Armor
48:25 Bodkin Arrow
MessiahOVO
9:54 Feudal Age
9:30 Loom
10:50 Double-Bit Axe
15:03 Horse Collar
24:09 Castle Age
22:44 Gold Mining
23:24 Bloodlines
23:22 Scale Barding Armor
25:23 Husbandry
25:46 Chain Barding Armor
26:01 Bow Saw
26:50 Heavy Plow
29:33 Gold Shaft Mining
34:55 Imperial Age
33:05 Wheelbarrow
34:56 Cavalier
36:15 Plate Barding Armor
38:10 Paladin
39:59 Caravan
Connection lost

Rejoining the realm…

Still unreachable

The connection could not be restored.

Session expired

The server has moved on; the page needs a fresh start.